Islanders vs Blues
Created - February 11, 2025 at 20:27
Goals
|
| Islanders |
2 |
2 |
2 |
6 |
| Blues |
0 |
1 |
2 |
3 |
|
Shots
|
| Islanders |
19 |
8 |
8 |
35 |
| Blues |
6 |
12 |
8 |
26 |
|
1st period
1. Islanders , Emerson Etem 3 (Brandon Sutter 18, Jason Akeson 5) at 3:00
2. Islanders , Jamie Arniel 5 (Jordan Greenway 3, Gabriel Carlsson 2) at 7:29
Penalties :
Ladislav Smid (Stl) for Roughing (Minor) at 3:38
2nd period
3. Islanders , Brady Skjei 7 (Vladimir Tarasenko 27, Brock McGinn 21) at 11:23 (PP)
4. Islanders , Brock McGinn 17 (Vladimir Tarasenko 28, Brayden Schenn 31) at 12:46
5. Blues , Drew Shore 4 (Seth Jones 29, Dominik Simon 6) at 18:54
Penalties :
Ladislav Smid (Stl) for Cross-checking (Minor) at 11:06, John Gibson (NyI) for Slashing (Minor) at 14:02 - Jamie Arniel served the penalty
3rd period
6. Islanders , Emerson Etem 4 (Brandon Sutter 19, Jason Akeson 6) at 1:34
7. Islanders , Michael Latta 6 (Brady Skjei 26, Ryan Ellis 28) at 5:27
8. Blues , Filip Forsberg 24 (Nathan MacKinnon 37, Seth Jones 30) at 10:54 (PP)
9. Blues , Nikolaj Ehlers 13 (Seth Jones 31, Sean Monahan 13) at 11:25
Penalties :
Brock McGinn (NyI) for Hooking (Minor) at 10:10, Jason Akeson (NyI) for Delaying the game (Minor) at 12:27, David Perron (Stl) for Cross-checking (Minor) at 18:31
Goalie Stats
John Gibson (NyI), 23 saves from 26 shots - (0.885), W, 17-14-4, 60:00 minutes
Carey Price (Stl), 29 saves from 35 shots - (0.829), L, 21-11-1, 60:00 minutes
Players Stats for Islanders
Player Name G A P +/- PIM S H SB GA TA FO MP PP MP PK MP
------------------------------------------------------------------------------------
Brady Skjei 1 1 2 1 0 6 1 2 2 2 0/0 28:36 2:57 3:20
Brandon Sutter 0 2 2 2 0 2 2 1 1 0 10/13 16:40 1:23 0:42
Brayden Schenn 0 1 1 1 0 0 4 0 1 0 17/31 22:30 2:21 3:09
Brian Ferlin 0 0 0 0 0 1 1 0 1 1 0/0 9:24 0:00 0:00
Brock McGinn 1 1 2 1 2 5 3 1 0 1 4/4 20:03 2:21 1:26
Dylan McIlrath 0 0 0 1 0 0 1 0 0 0 0/0 12:00 0:00 0:00
Emerson Etem 2 0 2 2 0 8 2 0 0 1 0/1 16:05 1:23 0:07
Gabriel Carlsson 0 1 1 1 0 0 0 0 0 0 0/0 12:00 0:00 0:00
Garnet Hathaway 0 0 0 0 0 0 0 0 0 0 0/0 11:26 0:00 0:51
Jamie Arniel 1 0 1 0 0 1 1 0 0 0 2/4 9:25 0:00 0:00
Jason Akeson 0 2 2 2 2 2 0 0 0 0 0/0 16:39 1:23 0:00
Jordan Greenway 0 1 1 0 0 0 1 0 0 0 0/0 9:24 0:00 0:00
Michael Latta 1 0 1 0 0 2 1 0 0 1 1/4 10:35 0:00 0:00
Nikita Zadorov 0 0 0 1 0 1 1 2 0 0 0/0 19:24 0:47 1:22
Ryan Ellis 0 1 1 1 0 2 3 3 2 1 0/0 28:36 2:57 3:20
Sergei Plotnikov 0 0 0 0 0 0 1 0 0 0 0/0 10:35 0:00 0:00
Vladimir Tarasenko 0 2 2 1 0 5 1 2 3 0 2/9 22:30 2:21 3:09
Yann Sauvé 0 0 0 1 0 0 0 0 0 0 0/0 19:24 0:47 1:22
Players Stats for Blues
Player Name G A P +/- PIM S H SB GA TA FO MP PP MP PK MP
------------------------------------------------------------------------------------
Cody Ceci 0 0 0 -5 0 2 0 1 0 1 0/0 21:06 0:00 2:55
David Perron 0 0 0 0 2 1 3 0 0 0 2/2 11:57 1:49 0:00
Dominik Simon 0 1 1 -1 0 1 0 0 0 0 0/0 8:27 0:00 0:00
Drew Shore 1 0 1 -1 0 3 0 0 0 0 2/7 11:20 0:00 2:48
Ethan Bear 0 0 0 0 0 3 0 1 0 0 0/0 14:28 3:05 0:00
Filip Forsberg 1 0 1 0 0 3 0 0 2 1 0/1 21:13 2:53 0:00
Ilya Kovalchuk 0 0 0 -1 0 0 0 0 0 0 0/0 9:23 0:00 0:56
Jordan Kyrou 0 0 0 0 0 0 2 0 0 0 1/1 12:54 2:53 0:00
Josh Morrissey 0 0 0 -4 0 0 1 1 0 0 0/0 17:40 1:37 0:49
Jujhar Khaira 0 0 0 -2 0 0 2 0 0 0 0/3 17:26 0:00 2:48
Ladislav Smid 0 0 0 -1 4 0 1 0 0 1 0/0 16:17 0:00 1:01
Nathan MacKinnon 0 1 1 0 0 3 0 0 1 1 18/29 21:13 2:53 0:00
Nick Schmaltz 0 0 0 -2 0 2 1 0 0 1 0/0 14:33 0:00 0:00
Nikolaj Ehlers 1 0 1 0 0 4 0 1 0 1 0/0 20:17 1:49 0:00
Sean Monahan 0 1 1 -2 0 2 2 1 0 1 7/19 17:18 1:49 0:56
Seth Jones 0 3 3 2 0 1 3 1 1 1 0/0 26:37 3:05 2:25
Travis Sanheim 0 0 0 2 0 0 1 0 2 0 0/0 23:55 1:37 0:18
Vincent Trocheck 0 0 0 0 0 1 1 0 1 2 0/4 10:09 0:00 0:00
3 Stars
1 - Emerson Etem (NyI)
2 - Brady Skjei (NyI)
3 - Seth Jones (Stl)
Power Play
Islanders - 1 on 3 Attempt(s) - 33.33%
Blues - 1 on 3 Attempt(s) - 33.33%
Penalty Kill
Islanders - 2 on 3 Attempt(s) - 66.67%
- Score 0 goal in Penalty Kill
Blues - 2 on 3 Attempt(s) - 66.67%
- Score 0 goal in Penalty Kill
Team Stat
Islanders - Hits : 23 - Faceoff Wins : 36 - Blocked Shots : 11 - Penalty Minutes : 6
Blues - Hits : 17 - Faceoff Wins : 30 - Blocked Shots : 6 - Penalty Minutes : 6
Official
Referees : Kyle Rehman and Furman South
Linesman : Brandon Gawryletz and Steve Barton
Game Notes
6:08 of 3rd period - Islanders goal is going for a video replay. After video review, No Goal. The puck has entered the net after making contact with an attacking player’s stick that is above the height of the crossbar.
Finance
Level 1 -- Attendance: 5722 (95.37%) -- Ticket Income $572,200
Level 2 -- Attendance: 5000 (100.00%) -- Ticket Income $350,000
Level 3 -- Attendance: 2000 (100.00%) -- Ticket Income $80,000
Level 4 -- Attendance: 4000 (100.00%) -- Ticket Income $120,000
Luxury Box -- Attendance: 1000 (100.00%) -- Ticket Income $200,000
Game was played at the Enterprise Center.
Total Attendance: 17722 (98.46%)
Total Ticket Income: $1,322,200
Other Income: $198,330
Total Income: $1,520,530
Islanders
5 vs 5 Forward
Center Left Wing Right Wing Time % Phy DF OF
1 Brayden Schenn Brock McGinn Vladimir Tarasenko 40 1 2 2
2 Brandon Sutter Emerson Etem Jason Akeson 30 1 2 2
3 Michael Latta Sergei Plotnikov Garnet Hathaway 20 1 2 2
4 Jamie Arniel Jordan Greenway Brian Ferlin 10 1 2 2
5 vs 5 Defense
Defense Defense Time % Phy DF OF
1 Brady Skjei Ryan Ellis 40 1 2 2
2 Yann Sauvé Nikita Zadorov 30 1 2 2
3 Dylan McIlrath Gabriel Carlsson 20 1 2 2
4 Brady Skjei Ryan Ellis 10 1 2 2
PowerPlay Forward
Center Left Wing Right Wing Time % Phy DF OF
1 Brayden Schenn Brock McGinn Vladimir Tarasenko 60 1 2 2
2 Brandon Sutter Emerson Etem Jason Akeson 40 1 2 2
PowerPlay Defense
Defense Defense Time % Phy DF OF
1 Brady Skjei Ryan Ellis 60 1 2 2
2 Yann Sauvé Nikita Zadorov 40 1 2 2
Penalty Kill 4 Players Forward
Center Wing Time % Phy DF OF
1 Vladimir Tarasenko Brayden Schenn 60 1 2 2
2 Brock McGinn Brandon Sutter 40 1 2 2
Penalty Kill 4 Players Defense
Defense Defense Time % Phy DF OF
1 Brady Skjei Ryan Ellis 60 1 2 2
2 Yann Sauvé Nikita Zadorov 40 1 2 2
Penalty Kill - 3 Players Forward
Forward Time % Phy DF OF
1 Vladimir Tarasenko 60 1 2 2
2 Brayden Schenn 40 1 2 2
Penalty Kill - 3 Players Defense
Defense Defense Time % Phy DF OF
1 Brady Skjei Ryan Ellis 60 1 2 2
2 Yann Sauvé Nikita Zadorov 40 1 2 2
4 vs 4 Forward
Center Wing Time % Phy DF OF
1 Vladimir Tarasenko Brayden Schenn 60 1 2 2
2 Brock McGinn Brandon Sutter 40 1 2 2
4 vs 4 Defense
Defense Defense Time % Phy DF OF
1 Brady Skjei Ryan Ellis 60 1 2 2
2 Yann Sauvé Nikita Zadorov 40 1 2 2
Last Minutes Offensive
Center Left Wing Right Wing Defense Defense
Brayden Schenn Brock McGinn Vladimir Tarasenko Brady Skjei Ryan Ellis
Last Minutes Defensive
Center Left Wing Right Wing Defense Defense
Brayden Schenn Brock McGinn Vladimir Tarasenko Brady Skjei Ryan Ellis
Goaltenders
Starting : John Gibson
Backup : Maxime Daigneault
Extra Forwards
Normal : Michael Latta, Jamie Arniel, Garnet Hathaway - PP : Michael Latta, Jamie Arniel - PK : Garnet Hathaway
Extra Defensemen
Normal : Dylan McIlrath, Gabriel Carlsson, Yann Sauvé - PP : Dylan McIlrath - PK : Gabriel Carlsson, Yann Sauvé
Penalty Shots
Vladimir Tarasenko, Brayden Schenn, Brock McGinn, Brandon Sutter, Michael Latta
Custom OT Lines Forwards
Vladimir Tarasenko, Brayden Schenn, Brock McGinn, Brandon Sutter, Michael Latta, Jason Akeson, Jamie Arniel, Emerson Etem, Garnet Hathaway, Brian Ferlin
Custom OT Lines Defensemen
Brady Skjei, Ryan Ellis, Yann Sauvé, Nikita Zadorov, Dylan McIlrath
Scratches
Kellan Lain (Healthy), Pavel Kraskovsky (Healthy)
Blues
5 vs 5 Forward
Center Left Wing Right Wing Time % Phy DF OF
1 Nathan MacKinnon Filip Forsberg Nikolaj Ehlers 40 0 2 3
2 Sean Monahan Jujhar Khaira Nick Schmaltz 30 0 2 3
3 Vincent Trocheck David Perron Jordan Kyrou 20 1 2 2
4 Drew Shore Dominik Simon Ilya Kovalchuk 10 0 3 2
5 vs 5 Defense
Defense Defense Time % Phy DF OF
1 Seth Jones Travis Sanheim 40 1 2 2
2 Josh Morrissey Cody Ceci 30 1 2 2
3 Ethan Bear Ladislav Smid 20 1 2 2
4 Ladislav Smid Cody Ceci 10 1 2 2
PowerPlay Forward
Center Left Wing Right Wing Time % Phy DF OF
1 Nathan MacKinnon Filip Forsberg Jordan Kyrou 60 0 2 3
2 Sean Monahan David Perron Nikolaj Ehlers 40 0 2 3
PowerPlay Defense
Defense Defense Time % Phy DF OF
1 Seth Jones Ethan Bear 60 0 2 3
2 Josh Morrissey Travis Sanheim 40 0 2 3
Penalty Kill 4 Players Forward
Center Wing Time % Phy DF OF
1 Drew Shore Jujhar Khaira 60 1 3 1
2 Sean Monahan Ilya Kovalchuk 40 1 3 1
Penalty Kill 4 Players Defense
Defense Defense Time % Phy DF OF
1 Ladislav Smid Cody Ceci 60 1 2 2
2 Josh Morrissey Seth Jones 40 1 2 2
Penalty Kill - 3 Players Forward
Forward Time % Phy DF OF
1 Drew Shore 60 1 2 2
2 Sean Monahan 40 1 2 2
Penalty Kill - 3 Players Defense
Defense Defense Time % Phy DF OF
1 Cody Ceci Ladislav Smid 60 1 2 2
2 Seth Jones Josh Morrissey 40 1 2 2
4 vs 4 Forward
Center Wing Time % Phy DF OF
1 Nathan MacKinnon Filip Forsberg 60 1 2 2
2 Sean Monahan Nikolaj Ehlers 40 1 2 2
4 vs 4 Defense
Defense Defense Time % Phy DF OF
1 Seth Jones Ladislav Smid 60 1 2 2
2 Cody Ceci Josh Morrissey 40 1 2 2
Last Minutes Offensive
Center Left Wing Right Wing Defense Defense
Nathan MacKinnon Filip Forsberg Nikolaj Ehlers Seth Jones Travis Sanheim
Last Minutes Defensive
Center Left Wing Right Wing Defense Defense
Drew Shore Jujhar Khaira Ilya Kovalchuk Ladislav Smid Cody Ceci
Goaltenders
Starting : Carey Price
Backup : Jake Oettinger
Extra Forwards
Normal : Jordan Kyrou, Nikolaj Ehlers, Drew Shore - PP : David Perron, Nick Schmaltz - PK : Filip Forsberg
Extra Defensemen
Normal : Cody Ceci, Travis Sanheim, Seth Jones - PP : Cody Ceci - PK : Seth Jones, Travis Sanheim
Penalty Shots
Jordan Kyrou, David Perron, Ilya Kovalchuk, Sean Monahan, Filip Forsberg
Custom OT Lines Forwards
Filip Forsberg, Nathan MacKinnon, Ilya Kovalchuk, Nikolaj Ehlers, David Perron, Sean Monahan, Vincent Trocheck, Jujhar Khaira, Nick Schmaltz, Drew Shore
Custom OT Lines Defensemen
Seth Jones, Josh Morrissey, Travis Sanheim, Cody Ceci, Ladislav Smid
Scratches
Petter Granberg (Healthy), Luke Glendening (Healthy)
% Time on Ice - Islanders
Lines # - Real PCT - Wanted PCT - Time Play
Normal Forward
1 - 33% - 40% - 17:00
2 - 28% - 30% - 14:35
3 - 21% - 20% - 10:35
4 - 18% - 10% - 9:24
Normal Defense
1 - 38% - 40% - 19:22
2 - 33% - 30% - 17:15
3 - 23% - 20% - 12:00
4 - 6% - 10% - 2:57
PP Forward
1 - 63% - 60% - 2:21
2 - 37% - 40% - 1:23
PP Defense
1 - 79% - 60% - 2:57
2 - 21% - 40% - 0:47
PK Forward
1 - 89% - 60% - 4:12
2 - 11% - 40% - 0:30
PK Defense
1 - 71% - 60% - 3:20
2 - 29% - 40% - 1:22
PK3 Forward
1 - 0% - 60%
2 - 0% - 40%
PK3 Defense
1 - 0% - 60%
2 - 0% - 40%
44 Forward
1 - 0% - 60%
2 - 0% - 40%
44 Defense
1 - 0% - 60%
2 - 0% - 40%
Last Minute Offensive - 0:00
Last Minute Defensive - 0:00
Total
Forward - 60:00
Defense - 60:00
|
% Time on Ice - Blues
Lines # - Real PCT - Wanted PCT - Time Play
Normal Forward
1 - 36% - 40% - 18:25
2 - 28% - 30% - 14:33
3 - 20% - 20% - 10:09
4 - 16% - 10% - 8:27
Normal Defense
1 - 41% - 40% - 21:07
2 - 30% - 30% - 15:14
3 - 21% - 20% - 10:36
4 - 9% - 10% - 4:37
PP Forward
1 - 61% - 60% - 2:53
2 - 39% - 40% - 1:49
PP Defense
1 - 66% - 60% - 3:05
2 - 34% - 40% - 1:37
PK Forward
1 - 75% - 60% - 2:48
2 - 25% - 40% - 0:56
PK Defense
1 - 78% - 60% - 2:55
2 - 22% - 40% - 0:49
PK3 Forward
1 - 0% - 60%
2 - 0% - 40%
PK3 Defense
1 - 0% - 60%
2 - 0% - 40%
44 Forward
1 - 0% - 60%
2 - 0% - 40%
44 Defense
1 - 0% - 60%
2 - 0% - 40%
Last Minute Offensive - 0:00
Last Minute Defensive - 0:00
Total
Forward - 60:00
Defense - 60:00
|
Play-by-Play
1st period
0:01 of 1st period - Brayden Schenn wins face-off versus Nathan MacKinnon in neutral zone.
0:11 of 1st period - Icing by Seth Jones.
0:12 of 1st period - Nathan MacKinnon wins face-off versus Brandon Sutter in Blues zone.
0:17 of 1st period - Snap shot by Emerson Etem.
0:17 of 1st period - Shot Blocked by Seth Jones.
1:15 of 1st period - Slapshot by David Perron.
1:15 of 1st period - Shot Misses the Net.
1:55 of 1st period - Snap shot by Emerson Etem.
1:55 of 1st period - Stopped by Carey Price without a rebound.
1:56 of 1st period - Brayden Schenn wins face-off versus Sean Monahan in Blues zone.
1:57 of 1st period - Wrist shot by Brock McGinn.
1:57 of 1st period - Shot Misses the Net.
1:59 of 1st period - Slapshot by Brady Skjei.
1:59 of 1st period - Shot Blocked by Ethan Bear.
2:01 of 1st period - Backhand shot by Ryan Ellis.
2:01 of 1st period - Deflect By Nick Schmaltz.
2:01 of 1st period - Stopped by Carey Price with a rebound.
2:23 of 1st period - Ethan Bear is hit by Ryan Ellis and loses puck.
3:00 of 1st period - Snap shot by Emerson Etem.
3:00 of 1st period - Goal by Emerson Etem - Islanders : 1 - Blues : 0.
3:01 of 1st period - Sean Monahan wins face-off versus Brayden Schenn in neutral zone.
3:03 of 1st period - Off-side.
3:04 of 1st period - Brayden Schenn wins face-off versus Sean Monahan in neutral zone.
3:38 of 1st period - Minor Penalty to Ladislav Smid for Roughing.
3:39 of 1st period - Brayden Schenn wins face-off versus Jujhar Khaira in Blues zone.
3:48 of 1st period - Wrist shot by Brock McGinn.
3:48 of 1st period - Stopped by Carey Price without a rebound.
3:49 of 1st period - Brayden Schenn wins face-off versus Jujhar Khaira in Blues zone.
3:50 of 1st period - Snap shot by Vladimir Tarasenko.
3:50 of 1st period - Stopped by Carey Price without a rebound.
3:51 of 1st period - Brayden Schenn wins face-off versus Drew Shore in Blues zone.
4:32 of 1st period - Slapshot by Ryan Ellis.
4:32 of 1st period - Stopped by Carey Price without a rebound.
4:33 of 1st period - Brandon Sutter wins face-off versus Drew Shore in Blues zone.
4:46 of 1st period - Snap shot by Emerson Etem.
4:46 of 1st period - Stopped by Carey Price with a rebound.
4:48 of 1st period - Wrist shot by Jason Akeson.
4:48 of 1st period - Stopped by Carey Price without a rebound.
4:49 of 1st period - Vladimir Tarasenko wins face-off versus Sean Monahan in Blues zone.
5:38 of 1st period - Penalty to Ladislav Smid is over, Ladislav Smid is back on ice.
6:29 of 1st period - Brandon Sutter is hit by Jujhar Khaira and loses puck.
7:02 of 1st period - Slapshot by Brock McGinn.
7:02 of 1st period - Stopped by Carey Price with a rebound.
7:29 of 1st period - Slapshot by Jamie Arniel.
7:29 of 1st period - Goal by Jamie Arniel - Islanders : 2 - Blues : 0.
7:30 of 1st period - Brayden Schenn wins face-off versus Nathan MacKinnon in neutral zone.
7:36 of 1st period - Icing by Josh Morrissey.
7:37 of 1st period - Brock McGinn wins face-off versus Nathan MacKinnon in Blues zone.
7:46 of 1st period - Snap shot by Vladimir Tarasenko.
7:46 of 1st period - Stopped by Carey Price with a rebound.
7:52 of 1st period - Snap shot by Filip Forsberg.
7:52 of 1st period - Stopped by John Gibson with a rebound.
7:54 of 1st period - Slapshot by Josh Morrissey.
7:54 of 1st period - Shot Misses the Net.
8:32 of 1st period - Wrist shot by Nikolaj Ehlers.
8:32 of 1st period - Stopped by John Gibson without a rebound.
8:33 of 1st period - Brandon Sutter wins face-off versus Sean Monahan in Islanders zone.
8:33 of 1st period - Brandon Sutter is hit by Jujhar Khaira.
8:41 of 1st period - Snap shot by Brandon Sutter.
8:41 of 1st period - Stopped by Carey Price with a rebound.
8:43 of 1st period - Slapshot by Yann Sauvé.
8:43 of 1st period - Shot Blocked by Sean Monahan.
8:45 of 1st period - Wrist shot by Jason Akeson.
8:45 of 1st period - Deflect By Emerson Etem.
8:45 of 1st period - Shot Misses the Net.
8:45 of 1st period - Puck is out of play.
8:46 of 1st period - Brandon Sutter wins face-off versus Sean Monahan in Blues zone.
8:57 of 1st period - Snap shot by Emerson Etem.
8:57 of 1st period - Stopped by Carey Price with a rebound.
8:59 of 1st period - Slapshot by Jason Akeson.
8:59 of 1st period - Shot Misses the Net.
9:01 of 1st period - Slapshot by Nikita Zadorov.
9:01 of 1st period - Stopped by Carey Price without a rebound.
9:02 of 1st period - David Perron wins face-off versus Michael Latta in Blues zone.
9:17 of 1st period - Wrist shot by Michael Latta.
9:17 of 1st period - Stopped by Carey Price with a rebound.
9:29 of 1st period - Ryan Ellis is hit by Travis Sanheim and loses puck.
9:55 of 1st period - Wrist shot by Brandon Sutter.
9:55 of 1st period - Shot Misses the Net.
9:57 of 1st period - Wrist shot by Emerson Etem.
9:57 of 1st period - Stopped by Carey Price without a rebound.
9:58 of 1st period - Brandon Sutter wins face-off versus Sean Monahan in Blues zone.
10:15 of 1st period - Snap shot by Nick Schmaltz.
10:15 of 1st period - Shot Misses the Net.
10:25 of 1st period - Travis Sanheim is hit by Brock McGinn and loses puck.
11:40 of 1st period - Snap shot by Jason Akeson.
11:40 of 1st period - Shot Misses the Net.
11:55 of 1st period - Off-side.
11:56 of 1st period - Nathan MacKinnon wins face-off versus Michael Latta in neutral zone.
11:59 of 1st period - Slapshot by Travis Sanheim.
11:59 of 1st period - Deflect By Nikolaj Ehlers.
11:59 of 1st period - Stopped by John Gibson with a rebound.
12:01 of 1st period - Slapshot by Seth Jones.
12:01 of 1st period - Shot Blocked by Ryan Ellis.
12:03 of 1st period - Slapshot by Seth Jones.
12:03 of 1st period - Deflect By Filip Forsberg.
12:03 of 1st period - Shot Misses the Net.
12:03 of 1st period - Puck is out of play.
12:04 of 1st period - Brayden Schenn wins face-off versus Nathan MacKinnon in Islanders zone.
12:09 of 1st period - Snap shot by Vladimir Tarasenko.
12:09 of 1st period - Stopped by Carey Price with a rebound.
12:29 of 1st period - Snap shot by Nathan MacKinnon.
12:29 of 1st period - Stopped by John Gibson without a rebound.
12:30 of 1st period - Brandon Sutter wins face-off versus Vincent Trocheck in Islanders zone.
12:39 of 1st period - Snap shot by Emerson Etem.
12:39 of 1st period - Stopped by Carey Price with a rebound.
12:57 of 1st period - Sean Monahan is hit by Michael Latta.
13:59 of 1st period - Icing by Gabriel Carlsson.
14:00 of 1st period - Brandon Sutter wins face-off versus Vincent Trocheck in Islanders zone.
14:05 of 1st period - Slapshot by Vincent Trocheck.
14:05 of 1st period - Stopped by John Gibson with a rebound.
14:07 of 1st period - Wrist shot by Jordan Kyrou.
14:07 of 1st period - Shot Blocked by Brandon Sutter.
14:25 of 1st period - Jason Akeson is hit by David Perron and loses puck.
14:38 of 1st period - Brady Skjei is hit by Ladislav Smid and loses puck.
15:26 of 1st period - Ryan Ellis is hit by Vincent Trocheck and loses puck.
15:31 of 1st period - Snap shot by Jordan Kyrou.
15:31 of 1st period - Shot Misses the Net.
15:33 of 1st period - Snap shot by David Perron.
15:33 of 1st period - Shot Blocked by Brady Skjei.
15:35 of 1st period - Slapshot by Ethan Bear.
15:35 of 1st period - Stopped by John Gibson without a rebound.
15:36 of 1st period - Nathan MacKinnon wins face-off versus Brayden Schenn in Islanders zone.
16:03 of 1st period - Travis Sanheim is hit by Sergei Plotnikov and loses puck.
16:10 of 1st period - Snap shot by Brady Skjei.
16:10 of 1st period - Stopped by Carey Price with a rebound.
17:10 of 1st period - Josh Morrissey is hit by Brian Ferlin and loses puck.
17:49 of 1st period - Nick Schmaltz is hit by Jamie Arniel and loses puck.
19:01 of 1st period - Travis Sanheim is hit by Ryan Ellis and loses puck.
Goals for this period are 2 for Islanders vs 0 for Blues.
Shots for this period are 19 for Islanders vs 6 for Blues.
2nd period
0:01 of 2nd period - Nathan MacKinnon wins face-off versus Brayden Schenn in neutral zone.
0:15 of 2nd period - Slapshot by Nikolaj Ehlers.
0:15 of 2nd period - Stopped by John Gibson without a rebound.
0:16 of 2nd period - Brandon Sutter wins face-off versus Jujhar Khaira in Islanders zone.
1:12 of 2nd period - Snap shot by Filip Forsberg.
1:12 of 2nd period - Shot Misses the Net.
1:16 of 2nd period - Snap shot by Nathan MacKinnon.
1:16 of 2nd period - Stopped by John Gibson without a rebound.
1:17 of 2nd period - Sean Monahan wins face-off versus Brandon Sutter in Islanders zone.
1:24 of 2nd period - Wrist shot by Sean Monahan.
1:24 of 2nd period - Stopped by John Gibson with a rebound.
1:44 of 2nd period - Brayden Schenn is hit by Josh Morrissey.
2:29 of 2nd period - Icing by Brian Ferlin.
2:30 of 2nd period - Jamie Arniel wins face-off versus Nathan MacKinnon in Islanders zone.
2:51 of 2nd period - Snap shot by Ryan Ellis.
2:51 of 2nd period - Shot Blocked by Nikolaj Ehlers.
3:11 of 2nd period - Slapshot by Seth Jones.
3:11 of 2nd period - Shot Misses the Net.
3:13 of 2nd period - Slapshot by Seth Jones.
3:13 of 2nd period - Stopped by John Gibson with a rebound.
3:23 of 2nd period - Wrist shot by Nathan MacKinnon.
3:23 of 2nd period - Shot Misses the Net.
3:25 of 2nd period - Wrist shot by Filip Forsberg.
3:25 of 2nd period - Shot Misses the Net.
3:33 of 2nd period - Slapshot by Nathan MacKinnon.
3:33 of 2nd period - Stopped by John Gibson with a rebound.
3:35 of 2nd period - Snap shot by Filip Forsberg.
3:35 of 2nd period - Stopped by John Gibson with a rebound.
3:47 of 2nd period - Snap shot by Filip Forsberg.
3:47 of 2nd period - Deflect By Nathan MacKinnon.
3:47 of 2nd period - Shot Misses the Net.
3:47 of 2nd period - Puck is out of play.
3:48 of 2nd period - Brayden Schenn wins face-off versus Sean Monahan in Islanders zone.
4:02 of 2nd period - Ladislav Smid is hit by Nikita Zadorov and loses puck.
4:40 of 2nd period - Ethan Bear is hit by Dylan McIlrath and loses puck.
4:51 of 2nd period - Wrist shot by Brandon Sutter.
4:51 of 2nd period - Stopped by Carey Price with a rebound.
5:53 of 2nd period - Brian Ferlin is hit by Sean Monahan and loses puck.
8:47 of 2nd period - Slapshot by Brian Ferlin.
8:47 of 2nd period - Shot Blocked by Josh Morrissey.
9:02 of 2nd period - Icing by Cody Ceci.
9:03 of 2nd period - Sean Monahan wins face-off versus Brayden Schenn in Blues zone.
9:10 of 2nd period - Slapshot by Vladimir Tarasenko.
9:10 of 2nd period - Stopped by Carey Price without a rebound.
9:11 of 2nd period - Nathan MacKinnon wins face-off versus Brayden Schenn in Blues zone.
9:11 of 2nd period - Nathan MacKinnon is hit by Brock McGinn.
9:23 of 2nd period - Wrist shot by Nathan MacKinnon.
9:23 of 2nd period - Shot Misses the Net.
9:29 of 2nd period - Nathan MacKinnon is hit by Brayden Schenn and loses puck.
10:35 of 2nd period - Slapshot by Brady Skjei.
10:35 of 2nd period - Stopped by Carey Price without a rebound.
10:36 of 2nd period - Brayden Schenn wins face-off versus Nathan MacKinnon in Blues zone.
10:39 of 2nd period - Snap shot by Vladimir Tarasenko.
10:39 of 2nd period - Stopped by Carey Price without a rebound.
10:40 of 2nd period - Nathan MacKinnon wins face-off versus Brayden Schenn in Blues zone.
11:06 of 2nd period - Minor Penalty to Ladislav Smid for Cross-checking.
11:07 of 2nd period - Brock McGinn wins face-off versus Drew Shore in Blues zone.
11:23 of 2nd period - Slapshot by Brady Skjei.
11:23 of 2nd period - Goal by Brady Skjei - Islanders : 3 - Blues : 0.
11:24 of 2nd period - Brayden Schenn wins face-off versus Nathan MacKinnon in neutral zone.
11:35 of 2nd period - Wrist shot by Brock McGinn.
11:35 of 2nd period - Stopped by Carey Price without a rebound.
11:36 of 2nd period - Nathan MacKinnon wins face-off versus Brayden Schenn in Blues zone.
11:49 of 2nd period - Wrist shot by Brock McGinn.
11:49 of 2nd period - Shot Misses the Net.
12:03 of 2nd period - Travis Sanheim is hit by Ryan Ellis.
12:22 of 2nd period - Icing by Seth Jones.
12:23 of 2nd period - Brandon Sutter wins face-off versus Nathan MacKinnon in Blues zone.
12:30 of 2nd period - Snap shot by Brock McGinn.
12:30 of 2nd period - Stopped by Carey Price without a rebound.
12:31 of 2nd period - Brayden Schenn wins face-off versus Sean Monahan in Blues zone.
12:46 of 2nd period - Backhand shot by Vladimir Tarasenko.
12:46 of 2nd period - Deflect By Brock McGinn.
12:46 of 2nd period - Goal by Brock McGinn - Islanders : 4 - Blues : 0.
12:47 of 2nd period - Nathan MacKinnon wins face-off versus Brayden Schenn in neutral zone.
13:02 of 2nd period - Snap shot by Filip Forsberg.
13:02 of 2nd period - Shot Hit the Post.
14:02 of 2nd period - Slapshot by Cody Ceci.
14:02 of 2nd period - Stopped by John Gibson without a rebound.
14:02 of 2nd period - Minor Penalty to John Gibson for Slashing.
14:03 of 2nd period - Nathan MacKinnon wins face-off versus Vladimir Tarasenko in Islanders zone.
14:08 of 2nd period - Snap shot by Jordan Kyrou.
14:08 of 2nd period - Shot Blocked by Vladimir Tarasenko.
14:12 of 2nd period - Snap shot by Filip Forsberg.
14:12 of 2nd period - Shot Misses the Net.
14:14 of 2nd period - Slapshot by Ethan Bear.
14:14 of 2nd period - Stopped by John Gibson with a rebound.
14:16 of 2nd period - Slapshot by Ethan Bear.
14:16 of 2nd period - Stopped by John Gibson without a rebound.
14:17 of 2nd period - Nathan MacKinnon wins face-off versus Vladimir Tarasenko in Islanders zone.
14:30 of 2nd period - Vladimir Tarasenko is hit by Seth Jones and loses puck.
14:51 of 2nd period - Ryan Ellis is hit by David Perron and loses puck.
16:02 of 2nd period - Penalty to Jamie Arniel is over, Jamie Arniel is back on ice.
16:19 of 2nd period - Wrist shot by Jamie Arniel.
16:19 of 2nd period - Shot Misses the Net.
16:29 of 2nd period - Ilya Kovalchuk is hit by Emerson Etem.
17:08 of 2nd period - Icing by Jamie Arniel.
17:09 of 2nd period - Brayden Schenn wins face-off versus Vincent Trocheck in Islanders zone.
17:20 of 2nd period - Vincent Trocheck is hit by Brayden Schenn and loses puck.
17:34 of 2nd period - Off-side.
17:35 of 2nd period - Sean Monahan wins face-off versus Michael Latta in neutral zone.
17:44 of 2nd period - Josh Morrissey is hit by Brady Skjei and loses puck.
18:42 of 2nd period - Slapshot by Cody Ceci.
18:42 of 2nd period - Shot Misses the Net.
18:44 of 2nd period - Slapshot by Cody Ceci.
18:44 of 2nd period - Stopped by John Gibson without a rebound.
18:45 of 2nd period - Jamie Arniel wins face-off versus Drew Shore in Islanders zone.
18:54 of 2nd period - Wrist shot by Drew Shore.
18:54 of 2nd period - Goal by Drew Shore - Islanders : 4 - Blues : 1.
18:55 of 2nd period - Brock McGinn wins face-off versus Filip Forsberg in neutral zone.
19:18 of 2nd period - Icing by Seth Jones.
19:19 of 2nd period - Sean Monahan wins face-off versus Brandon Sutter in Blues zone.
19:26 of 2nd period - Wrist shot by Sean Monahan.
19:26 of 2nd period - Stopped by John Gibson without a rebound.
19:27 of 2nd period - Brock McGinn wins face-off versus Nathan MacKinnon in Islanders zone.
Goals for this period are 2 for Islanders vs 1 for Blues.
Shots for this period are 8 for Islanders vs 12 for Blues.
3rd period
0:01 of 3rd period - Nathan MacKinnon wins face-off versus Vladimir Tarasenko in neutral zone.
0:46 of 3rd period - Ladislav Smid is hit by Brandon Sutter and loses puck.
0:53 of 3rd period - Jujhar Khaira is hit by Emerson Etem and loses puck.
1:19 of 3rd period - Yann Sauvé is hit by Nick Schmaltz and loses puck.
1:32 of 3rd period - Wrist shot by Brandon Sutter.
1:32 of 3rd period - Shot Misses the Net.
1:34 of 3rd period - Snap shot by Emerson Etem.
1:34 of 3rd period - Goal by Emerson Etem - Islanders : 5 - Blues : 1.
1:35 of 3rd period - Nathan MacKinnon wins face-off versus Brayden Schenn in neutral zone.
1:38 of 3rd period - Slapshot by Seth Jones.
1:38 of 3rd period - Shot Blocked by Brock McGinn.
1:52 of 3rd period - Nathan MacKinnon is hit by Brock McGinn and loses puck.
2:13 of 3rd period - Slapshot by Brady Skjei.
2:13 of 3rd period - Stopped by Carey Price with a rebound.
3:31 of 3rd period - Wrist shot by Jujhar Khaira.
3:31 of 3rd period - Deflect By Nick Schmaltz.
3:31 of 3rd period - Shot Blocked by Nikita Zadorov.
3:31 of 3rd period - Puck is out of play.
3:32 of 3rd period - Brayden Schenn wins face-off versus Nathan MacKinnon in Islanders zone.
3:39 of 3rd period - Nikolaj Ehlers is hit by Vladimir Tarasenko and loses puck.
4:21 of 3rd period - Snap shot by Drew Shore.
4:21 of 3rd period - Stopped by John Gibson without a rebound.
4:22 of 3rd period - Michael Latta wins face-off versus Drew Shore in Islanders zone.
4:31 of 3rd period - Wrist shot by Dominik Simon.
4:31 of 3rd period - Stopped by John Gibson with a rebound.
5:06 of 3rd period - Slapshot by Cody Ceci.
5:06 of 3rd period - Shot Blocked by Ryan Ellis.
5:27 of 3rd period - Snap shot by Michael Latta.
5:27 of 3rd period - Goal by Michael Latta - Islanders : 6 - Blues : 1.
5:28 of 3rd period - Vladimir Tarasenko wins face-off versus Nathan MacKinnon in neutral zone.
6:06 of 3rd period - Snap shot by Brandon Sutter.
6:06 of 3rd period - Shot Misses the Net.
6:08 of 3rd period - Snap shot by Emerson Etem.
6:08 of 3rd period - Islanders goal is going for a video replay.
6:08 of 3rd period - The goal is refused. The puck has entered the net after making contact with an attacking player’s stick that is above the height of the crossbar..
6:09 of 3rd period - Nathan MacKinnon wins face-off versus Jamie Arniel in Blues zone.
6:20 of 3rd period - Snap shot by Ryan Ellis.
6:20 of 3rd period - Shot Misses the Net.
6:22 of 3rd period - Slapshot by Brady Skjei.
6:22 of 3rd period - Stopped by Carey Price with a rebound.
6:24 of 3rd period - Slapshot by Brady Skjei.
6:24 of 3rd period - Stopped by Carey Price without a rebound.
6:25 of 3rd period - Brayden Schenn wins face-off versus Sean Monahan in Blues zone.
6:30 of 3rd period - Icing by Sean Monahan.
6:31 of 3rd period - Sean Monahan wins face-off versus Brayden Schenn in Blues zone.
6:38 of 3rd period - Snap shot by Sean Monahan.
6:38 of 3rd period - Shot Blocked by Vladimir Tarasenko.
6:40 of 3rd period - Slapshot by Travis Sanheim.
6:40 of 3rd period - Shot Misses the Net.
6:42 of 3rd period - Snap shot by Seth Jones.
6:42 of 3rd period - Shot Blocked by Brady Skjei.
7:44 of 3rd period - Nikolaj Ehlers is hit by Jordan Greenway and loses puck.
8:11 of 3rd period - Wrist shot by Brian Ferlin.
8:11 of 3rd period - Stopped by Carey Price without a rebound.
8:12 of 3rd period - Brayden Schenn wins face-off versus Sean Monahan in Blues zone.
8:25 of 3rd period - Sean Monahan is hit by Brayden Schenn and loses puck.
9:28 of 3rd period - Wrist shot by Sean Monahan.
9:28 of 3rd period - Shot Blocked by Nikita Zadorov.
9:44 of 3rd period - Gabriel Carlsson is hit by Jordan Kyrou and loses puck.
9:51 of 3rd period - Snap shot by David Perron.
9:51 of 3rd period - Shot Misses the Net.
9:53 of 3rd period - Snap shot by David Perron.
9:53 of 3rd period - Stopped by John Gibson without a rebound.
9:54 of 3rd period - Drew Shore wins face-off versus Vladimir Tarasenko in Islanders zone.
9:59 of 3rd period - Snap shot by Drew Shore.
9:59 of 3rd period - Stopped by John Gibson without a rebound.
10:00 of 3rd period - Nathan MacKinnon wins face-off versus Brayden Schenn in Islanders zone.
10:10 of 3rd period - Minor Penalty to Brock McGinn for Hooking.
10:11 of 3rd period - Nathan MacKinnon wins face-off versus Vladimir Tarasenko in Islanders zone.
10:23 of 3rd period - Ethan Bear is hit by Brayden Schenn and loses puck.
10:52 of 3rd period - Wrist shot by Filip Forsberg.
10:52 of 3rd period - Shot Hit the Post.
10:54 of 3rd period - Snap shot by Filip Forsberg.
10:54 of 3rd period - Goal by Filip Forsberg - Islanders : 6 - Blues : 2.
10:55 of 3rd period - Brandon Sutter wins face-off versus Sean Monahan in neutral zone.
10:58 of 3rd period - Snap shot by Ryan Ellis.
10:58 of 3rd period - Shot Blocked by Cody Ceci.
11:06 of 3rd period - Jason Akeson is hit by Sean Monahan and loses puck.
11:25 of 3rd period - Slapshot by Nikolaj Ehlers.
11:25 of 3rd period - Goal by Nikolaj Ehlers - Islanders : 6 - Blues : 3.
11:26 of 3rd period - Nathan MacKinnon wins face-off versus Brayden Schenn in neutral zone.
11:31 of 3rd period - Vladimir Tarasenko is hit by Seth Jones.
12:15 of 3rd period - Backhand shot by Nick Schmaltz.
12:15 of 3rd period - Stopped by John Gibson with a rebound.
12:27 of 3rd period - Minor Penalty to Jason Akeson for Delaying the game.
12:28 of 3rd period - Nathan MacKinnon wins face-off versus Vladimir Tarasenko in Islanders zone.
12:48 of 3rd period - Brayden Schenn is hit by David Perron and loses puck.
12:55 of 3rd period - Snap shot by Sean Monahan.
12:55 of 3rd period - Shot Misses the Net.
12:57 of 3rd period - Snap shot by Ethan Bear.
12:57 of 3rd period - Shot Blocked by Ryan Ellis.
13:11 of 3rd period - Brandon Sutter is hit by Jordan Kyrou and loses puck.
13:54 of 3rd period - Icing by Travis Sanheim.
13:55 of 3rd period - David Perron wins face-off versus Vladimir Tarasenko in Blues zone.
14:27 of 3rd period - Penalty to Jason Akeson is over, Jason Akeson is back on ice.
16:23 of 3rd period - Icing by Ethan Bear.
16:24 of 3rd period - Jordan Kyrou wins face-off versus Emerson Etem in Blues zone.
16:24 of 3rd period - Jordan Kyrou is hit by Brandon Sutter.
17:30 of 3rd period - Icing by Brian Ferlin.
17:31 of 3rd period - Nathan MacKinnon wins face-off versus Jamie Arniel in Islanders zone.
18:07 of 3rd period - Snap shot by Nick Schmaltz.
18:07 of 3rd period - Stopped by John Gibson without a rebound.
18:08 of 3rd period - Brayden Schenn wins face-off versus Vincent Trocheck in Islanders zone.
18:08 of 3rd period - Brayden Schenn is hit by Seth Jones.
18:31 of 3rd period - Minor Penalty to David Perron for Cross-checking.
18:32 of 3rd period - Drew Shore wins face-off versus Brayden Schenn in Blues zone.
19:13 of 3rd period - Wrist shot by Jason Akeson.
19:13 of 3rd period - Stopped by Carey Price without a rebound.
19:14 of 3rd period - Brandon Sutter wins face-off versus Sean Monahan in Blues zone.
19:44 of 3rd period - Off-side.
19:45 of 3rd period - Sean Monahan wins face-off versus Brayden Schenn in neutral zone.
19:58 of 3rd period - Snap shot by Vladimir Tarasenko.
19:58 of 3rd period - Shot Misses the Net.
Goals for this period are 2 for Islanders vs 2 for Blues.
Shots for this period are 8 for Islanders vs 8 for Blues.